 Dungeon Crawl Stone Soup version 0.29-a0-1027-gcd8c55af63 (webtiles) character file.

Game seed: 4328031584406389215

1348 ragingrage the Cleaver (level 8, -3/65 (68) HPs)
             Began as a Demonspawn Chaos Knight on Aug 13, 2022.
             Was a Plaything of Xom.
             Slain by a wight
             ... wielding a +5 long sword of chaos
              (17 damage)
             ... on level 6 of the Dungeon.
             The game lasted 00:07:09 (6335 turns).

ragingrage the Cleaver (Demonspawn Chaos Knight)    Turns: 6335, Time: 00:07:09

HP:   -3/65 (68)    AC: 20    Str: 15    XL:     8   Next: 36%
MP:   8/8           EV: 10    Int: 14    God:    Xom [*.....]
Gold: 149           SH:  0    Dex: 14    Spells: 7/7 levels left

rFire   . . .      SeeInvis .   a - +0 hand axe (chaos)
rCold   . . .      Faith    .   (no shield)
rNeg    . . .      Spirit   .   C - +2 chain mail {rPois}
rPois   +          Reflect  .   (helmet restricted)
rElec   .          Harm     .   p - +0 cloak
rCorr   .          Rampage  .   (no gloves)
Will    +....      Clarity  +   k - +2 pair of boots
Stlth   ..........              s - amulet of regeneration
HPRegen 1.00/turn               g - ring of willpower
MPRegen 0.22/turn               t - +4 ring of evasion

@: lethally poisoned (-3 -> -4), sanguine armoured, lightly drained, unable to
read
A: demonic guardian 2, magic regeneration, sanguine armour 1, antennae 1, hooves
1, thin skeletal structure 1, camouflage 1, clarity, mutation resistance 1,
robust 1, wild magic 1, inability to read while threatened 1, MP-powered wands
a: Renounce Religion


You were on level 6 of the Dungeon.
You worshipped Xom.
You were a special plaything of Xom.
You visited 1 branch of the dungeon, and saw 7 of its levels.

You collected 311 gold pieces.
You spent 162 gold pieces at shops.

Inventory:

Hand Weapons
 a - a +0 hand axe of chaos (weapon)
 q - a +1 short sword of venom
Missiles
 o - 2 datura-tipped darts
 u - 4 silver boomerangs
 x - 4 curare-tipped darts
 y - 3 boomerangs
Armour
 k - a +2 pair of boots (worn)
 p - a +0 cloak (worn)
 C - a +2 chain mail of poison resistance (worn)
Jewellery
 g - a ring of willpower (left hand)
 h - a ring of poison resistance
 l - a ring of see invisible
 s - an amulet of regeneration (around neck)
 t - a +4 ring of evasion (right hand)
Wands
 v - a wand of charming (12)
 A - a wand of iceblast (14)
Scrolls
 e - 2 scrolls of immolation
 f - 2 scrolls of amnesia
 i - 4 scrolls of teleportation
 r - 4 scrolls of identify
 w - a scroll of fog
 B - a scroll of blinking
Potions
 b - a potion of magic
 d - 2 potions of brilliance
 j - a potion of heal wounds
 m - 3 potions of curing
 n - a potion of might
 z - a potion of resistance {unknown}
Miscellaneous
 c - a piece from Xom's chessboard (15/15) (quivered)


   Skills:
 + Level 5.0 Fighting
 + Level 9.1 Axes
 - Level 1.7 Armour
 - Level 0.8 Dodging


You had 7 spell levels left.
You didn't know any spells.
Your spell library contained the following spells:

 Spells                   Type           Power      Damage    Failure   Level
 Poisonous Vapours        Pois/Air       0%         N/A       100%        2
 Ozocubu's Armour         Ice            0%         N/A       100%        3
 Corpse Rot               Necr/Pois/Air  0%         N/A       100%        4
 Ozocubu's Refrigeration  Ice            0%         4d7       100%        7


Dungeon Overview and Level Annotations

Branches:
Dungeon (7/15)             Temple (0/1) D:6

Altars:
Xom

Shops:
D:2 (

Annotations:
D:1 exclusion: downstairs
D:3 2 transporters, bchevrier's ghost, amateur GnWn
D:4 1 runed translucent door, Crazy Yiuf


Innate Abilities, Weirdness & Mutations

A demonic guardian rushes to your aid.
You regenerate magic rapidly.
When seriously injured, your blood forms armour. (AC +6)
You have a pair of small antennae on your head.
You have large cloven feet.
You have a somewhat thin skeletal structure. (Dex +2, Stealth+)
Your skin changes colour to match your surroundings (Stealth+).
You possess an exceptional clarity of mind.
You are somewhat resistant to further mutation.
You are robust. (+10% HP)
Your spells are a little harder to cast, but a little more powerful.
You occasionally lose the ability to read scrolls when taking damage.
You expend magic power (3 MP) to strengthen your wands.


Message History

Your blood congeals into armour.
You hit the wight.
The wight is heavily damaged.
You completely miss the wight.
The wight is heavily damaged.
The wight hits you but does no damage.
You hit the wight but do no damage.
The wight is heavily damaged.
The wight hits you with a +5 long sword!
You hit the wight but do no damage.
The wight is heavily damaged.
The wight hits you with a +5 long sword.
You hit the wight but do no damage.
The wight suddenly seems more agile.
The wight is heavily damaged.
The wight hits you but does no damage.
You closely miss the wight.
The wight is heavily damaged.
The wight hits you with a +5 long sword.
You hit the wight. You burn the wight.
The wight is heavily damaged.
You closely miss the wight.
The wight is heavily damaged.
The wight hits you but does no damage.
You hit the wight but do no damage.
The wight is heavily damaged.
Xom chortles.
The wight's +5 long sword erupts in a glittering mayhem of colour.
The wight hits you with a +5 long sword of chaos!
* * * LOW HITPOINT WARNING * * *
You feel drained.
You are poisoned.
You hit the wight but do no damage.
The wight is heavily damaged.
You feel sick. The wight closely misses you.
You hit the wight but do no damage.
The wight is heavily damaged.
You feel sick.
The wight hits you with a +5 long sword of chaos!
You feel threatened and lose the ability to read scrolls!
You die...

....##...#######....†....#....#
.........................#....#
..≈≈≈≈≈..................##...###
≈≈≈≈≈≈≈≈≈................##...##.
≈≈≈≈≈≈≈≈≈≈≈......................
≈≈≈...≈≈≈≈≈≈.............†[......
≈≈≈.>.≈≈≈≈≈≈............†........
≈≈≈...≈≈≈≈≈≈..##°z.###...####.##.
≈~~≈≈≈≈≈≈≈≈≈..##@§.###...########
~~≈≈≈≈≈≈≈≈≈....☼☼§.#........#
≈≈≈≈≈≈≈≈≈..........#........#
..≈≈≈≈≈............#........#
...................#........#
#############÷.....#........#
#......#........#
#..#...##...##.##
################


You could see a wight (strong, agile).

Vanquished Creatures
  A water moccasin (D:6)
  A centaur (D:6)
  A bullfrog (D:6)
  A necrophage (D:6)
  2 scorpions
  3 hounds
  2 gnoll boudas
  Terence (D:3)
  3 iguanas
  Natasha (twice) (D:4)
  Robin (D:2)
  14 gnolls
  7 adders
  A shadow imp (D:6)
  2 white imps (D:6)
  2 worms (D:4)
  7 dart slugs
  7 orcs
  8 ball pythons
  5 bats
  6 endoplasms
  3 giant cockroaches
  12 goblins
  11 hobgoblins
  2 jackals (D:2)
  8 kobolds
  2 quokkas
  9 frilled lizards
  6 rats
130 creatures vanquished.

Vanquished Creatures (collateral kills)
  Eustachio (D:3)
  A jelly (D:5)
  An iguana (D:5)
  4 gnolls
  2 adders
  An ufetubus (D:5)
10 creatures vanquished.

Vanquished Creatures (others)
  A hobgoblin zombie (D:1)
  6 plants (D:3)
7 creatures vanquished.

Grand Total: 147 creatures vanquished

Notes
Turn   | Place    | Note
-------+----------+-------------------------------------------
     0 | D:1      | ragingrage the Demonspawn Chaos Knight began the quest for
                  | the Orb.
     0 | D:1      | Reached XP level 1. HP: 18/18 MP: 1/1
    22 | D:1      | XOM: divination: detect creatures
   150 | D:1      | XOM: silly message
   200 | D:1      | Reached skill level 3 in Axes
   233 | D:1      | Gained mutation: You regenerate magic rapidly. [demonic
                  | ancestry]
   233 | D:1      | Reached XP level 2. HP: 23/24 MP: 2/2
   247 | D:1      | XOM: silly message
   400 | D:1      | XOM: silly message
   528 | D:1      | XOM: divination: detect items
   839 | D:1      | Reached XP level 3. HP: 29/29 MP: 3/3
   854 | D:1      | Found a faded altar of an unknown god.
   930 | D:2      | Noticed Robin
  1067 | D:2      | Reached skill level 4 in Axes
  1219 | D:2      | XOM: silly message
  1375 | D:2      | Found Fioraluc's Antique Weapon Shoppe.
  1432 | D:2      | Gained mutation: You occasionally lose the ability to read
                  | scrolls when taking damage. [potion of mutation]
  1432 | D:2      | Gained mutation: You are clumsy. (Dex -2) [potion of
                  | mutation]
  1432 | D:2      | Gained mutation: You are dopey. (Int -2) [potion of
                  | mutation]
  1432 | D:2      | Gained mutation: You expend magic power (3 MP) to
                  | strengthen your wands. [potion of mutation]
  1534 | D:2      | Reached XP level 4. HP: 30/35 MP: 4/4
  1543 | D:2      | XOM: divination: magic mapping
  1544 | D:2      | Killed Robin
  1602 | D:1      | XOM: give mutations
  1602 | D:1      | Gained mutation: You have large cloven feet. [Xom's grace]
  1602 | D:1      | Gained mutation: Your skin changes colour to match your
                  | surroundings (Stealth+). [Xom's grace]
  1602 | D:1      | Gained mutation: You have a pair of small antennae on your
                  | head. [Xom's grace]
  1602 | D:1      | Gained mutation: You are robust. (+10% HP) [Xom's grace]
  1616 | D:1      | XOM: scenery: create altars
  1872 | D:2      | Reached skill level 5 in Axes
  2055 | D:2      | XOM: scenery: summon butterflies
  2558 | D:3      | Gained mutation: A weak demonic guardian rushes to your
                  | aid. [demonic ancestry]
  2558 | D:3      | Reached XP level 5. HP: 45/45 MP: 5/5
  2614 | D:3      | XOM: god gift: 43 gold pieces
  2781 | D:3      | XOM: 2-stop teleportation journey
  2785 | D:3      | XOM: give mutations
  2785 | D:3      | Gained mutation: You have a somewhat thin skeletal
                  | structure. (Dex +2, Stealth+) [Xom's grace]
  2785 | D:3      | Lost mutation: You are dopey. (Int -2) [Xom's grace]
  2785 | D:3      | Gained mutation: Your spells are a little harder to cast,
                  | but a little more powerful. [Xom's grace]
  2895 | D:3      | XOM: scenery: summon butterflies
  2923 | D:3      | Noticed Terence
  2937 | D:3      | XOM: divination: detect creatures
  2959 | D:3      | Killed Terence
  2978 | D:3      | XOM: silly message
  3013 | D:3      | XOM: noise
  3225 | D:3      | Reached skill level 6 in Axes
  3263 | D:3      | XOM: silly message
  3267 | D:3      | XOM: silly message
  3298 | D:3      | Found a transporter.
  3537 | D:3      | Found a transporter.
  3539 | D:3      | Noticed bchevrier's ghost (amateur GnWn)
  3759 | D:4      | Noticed Edmund
  3759 | D:4      | Noticed Edmund
  3759 | D:4      | Edmund changed into Edmund the scorpion
  3759 | D:4      | XOM: polymorph Edmund -> Edmund the scorpion
  3765 | D:4      | Killed Edmund the scorpion
  3766 | D:4      | Gained mutation: A demonic guardian rushes to your aid.
                  | [demonic ancestry]
  3766 | D:4      | Reached XP level 6. HP: 45/51 MP: 6/6
  3862 | D:2      | Bought a glowing short sword for 162 gold pieces
  4280 | D:4      | XOM: give mutation
  4280 | D:4      | Gained mutation: You possess an exceptional clarity of
                  | mind. [Xom's grace]
  4397 | D:4      | XOM: give mutations
  4397 | D:4      | Lost mutation: You are clumsy. (Dex -2) [Xom's grace]
  4397 | D:4      | Gained mutation: You are somewhat resistant to further
                  | mutation. [Xom's grace]
  4469 | D:4      | XOM: smoke on damage
  4502 | D:4      | XOM: 1-stop teleportation journey
  4518 | D:4      | Noticed Natasha
  4535 | D:4      | Killed Natasha
  4581 | D:4      | XOM: god gift: 3 boomerangs
  4583 | D:4      | Noticed Natasha
  4598 | D:4      | Noticed Eustachio
  4607 | D:4      | Killed Natasha
  4608 | D:4      | Reached skill level 7 in Axes
  4609 | D:4      | XOM: summons friendly shadow imp
  4614 | D:4      | XOM: enchant monster (good)
  4708 | D:4      | XOM: potion effect (might)
  4711 | D:3      | XOM: summons 6 friendly demons
  4721 | D:3      | Killed Eustachio
  4722 | D:3      | Gained mutation: When seriously injured, your blood forms
                  | armour. (AC +6) [demonic ancestry]
  4722 | D:3      | Reached XP level 7. HP: 46/57 MP: 7/7
  4838 | D:4      | Found a runed translucent door.
  4839 | D:4      | Noticed Crazy Yiuf
  4899 | D:4      | XOM: fog
  5079 | D:5      | Entered Level 5 of the Dungeon
  5113 | D:5      | XOM: smoke on damage
  5128 | D:5      | Reached skill level 8 in Axes
  6064 | D:6      | Found a staircase to the Ecumenical Temple.
  6109 | D:6      | Reached XP level 8. HP: 60/66 MP: 8/8
  6227 | D:6      | Reached skill level 9 in Axes
  6302 | D:7      | Reached skill level 5 in Fighting
  6324 | D:6      | XOM: smoke on damage
  6333 | D:6      | XOM: chaos upgrade
  6335 | D:6      | Slain by a wight

Illustrated notes

Levels and vault maps discovered:
D:1:      evilmike_arrival_crescent, layout_loops_ring,
          shapermc_ecumenical_altar_hornbeckon
D:2:      layout_loops_ring, serial_shops, nicolae_diamond_shop, basic_altar,
          hangedman_decor_points, minmay_pentomino_w4, uniq_robin
D:3:      layout_basic, mainiacjoe_overflow_concentric_impassable,
          gammafunk_ghost_gnarly_gnolls, uniq_terence
D:4:      layout_loops_cross, uniq_crazy_yiuf_cottage, uniq_edmund,
          uniq_natasha, uniq_eustachio
D:5:      layout_rooms
D:6:      layout_gridville, temple_pool_b
D:7:      layout_cave_pods, mainiacjoe_overflow_alcove_1, uniq_duvessa,
          uniq_joseph, uniq_maggie

Skill      XL: |  1  2  3  4  5  6  7  8 |
---------------+-------------------------+-----
Axes           | 3 4 5 6 7 8 9 |  9.1
Fighting       | 4 5 |  5.0
Armour         | |  1.7
Dodging        | |  0.8

Action                   |  1- 3 |  4- 6 |  7- 9 || total
-------------------------+-------+-------+-------++-------
Melee: Hand axe          |   130 |   118 |    19 ||   267
       Kick              |       |     8 |       ||     8
       Punch             |       |     2 |     6 ||     8
       Short sword       |       |    84 |   174 ||   258
Evoke: Piece from Xom's  |       |     2 |       ||     2
  Use: Potion            |     4 |       |     4 ||     8
       Scroll            |       |     5 |     5 ||    10
 Stab: Sleeping          |     1 |     5 |     3 ||     9
       Confused          |       |     4 |       ||     4
       Petrified         |       |    15 |       ||    15
       Distracted        |       |       |     1 ||     1
Armor: Leather armour    |    46 |    55 |    20 ||   121
       Chain mail        |       |       |    73 ||    73
Dodge: Dodged            |    98 |   128 |   138 ||   364

Table legend: (Time is in decaauts)
 A = Elapsed time spent in this place.
 B = Non-inter-level travel time spent in this place.
 C = Inter-level travel time spent in this place.
 D = Time resting spent in this place.
 E = Time spent auto-exploring this place.
 F = Levels seen in this place.
 G = Mean time per level.
                   A        B        C        D        E       F      G
               +--------+--------+--------+--------+--------+-----+--------+
         Total |   6385 |   6032 |    353 |    863 |   3725 |   7 |  912.1 |
       Dungeon |   6385 |   6032 |    353 |    863 |   3725 |   7 |  912.1 |
               +--------+--------+--------+--------+--------+-----+--------+

Top non-repeatable levels by time:
     D:1: 1366 daAuts
     D:3: 1270 daAuts
     D:4: 1253 daAuts
     D:2: 1228 daAuts
     D:6: 730 daAuts
     D:5: 496 daAuts
     D:7: 39 daAuts
